[Event "Titled Tuesday Blitz June 27 Late 2023"]
[White "KorolDimitriy75"]
[Black "Zamorano, Jorge"]
[BlackFideId "173770"]
[WhiteElo "2414"]
[BlackElo "2653"]
[Result "0-1"]
[Round "4"]
[TimeControl "180+2"]
[Date "2023.06.27"]
[WhiteClock "0:00:00"]
[BlackClock "0:00:05"]
[Board "103"]

1. d4 d5 2. c4 e6 3. Nc3 Nf6 4. Bg5 Be7 5. cxd5 exd5 6. e3 O-O 7. Bd3 c6 8. Qc2 h6 9. Bh4 Re8 10. Nge2 Nbd7 11. f3 c5 12. O-O a6 13. Rad1 b5 14. Bf5 Bb7 15. Bf2 Rc8 16. Qb1 b4 17. Na4 c4 18. e4 dxe4 19. fxe4 Qa5 20. b3 g6 21. Bxd7 Bxe4 22. Qc1 Nxd7 23. Qxh6 Bg5 24. Qh3 Bf5 25. Qg3 Bd3 26. Rxd3 cxd3 27. Qxd3 Qb5 28. Qg3 Rxe2 29. h4 Bh6 30. Nc5 Nxc5 31. dxc5 Rxf2 32. Rxf2 Qxc5 33. Kh2 Qc3 34. Rf3 Qd4 35. h5 Rc6 36. hxg6 Rxg6 37. Qh3 Bf4+ 38. g3 Qd2+ 39. Qg2 Qxg2+ 40. Kxg2 Bd2 41. Rd3 Bc3 42. Kf3 Kg7 43. g4 Rf6+ 44. Ke4 Rg6 45. Kf5 Re6 46. Rd5 Re2 47. Ra5 Re6 48. g5 Rb6 49. Rc5 Rb5 50. Rxb5 axb5 0-1


[Site "https://www.chess.com"]

[Event "Titled Tuesday Blitz June 27 Late 2023"]
[White "Weishaeutel, Moritz"]
[Black "Figorito, Nick"]
[WhiteFideId "12967300"]
[BlackFideId "30923689"]
[WhiteElo "2641"]
[BlackElo "2414"]
[Result "0-1"]
[Round "4"]
[TimeControl "180+2"]
[Date "2023.06.27"]
[WhiteClock "0:00:04"]
[BlackClock "0:00:19"]
[Board "104"]

1. e4 e6 2. d4 d5 3. exd5 exd5 4. Nf3 Bd6 5. c4 Nf6 6. c5 Be7 7. Bd3 O-O 8. O-O b6 9. Be3 Ba6 10. Bxa6 Nxa6 11. Qa4 Nb8 12. Nc3 Qd7 13. Qc2 bxc5 14. dxc5 c6 15. b4 Qb7 16. a3 Nbd7 17. Bd4 a6 18. Rfe1 Rfe8 19. Ne5 Nxe5 20. Rxe5 Bf8 21. Rae1 g6 22. Qd2 Bg7 23. Rxe8+ Rxe8 24. Rxe8+ Nxe8 25. Bxg7 Nxg7 26. Ne2 Ne6 27. Nd4 Nxd4 28. Qxd4 Qe7 29. h4 Qe1+ 30. Kh2 Qc1 31. Qe3 Qxe3 32. fxe3 f5 33. Kg3 Kf7 34. Kf4 Kf6 35. g4 fxg4 36. Kxg4 h6 37. a4 Ke5 38. Kg3 d4 39. Kf3 d3 40. Kf2 g5 41. hxg5 hxg5 42. Ke1 g4 43. b5 axb5 44. a5 g3 45. a6 g2 46. Kf2 d2 47. a7 d1=Q 48. a8=Q g1=Q# 0-1


[Site "https://www.chess.com"]

[Event "Titled Tuesday Blitz June 27 Late 2023"]
[White "Karttunen, Mika"]
[Black "i_like_explosions"]
[WhiteFideId "502081"]
[WhiteElo "2640"]
[BlackElo "2413"]
[Result "1-0"]
[Round "4"]
[TimeControl "180+2"]
[Date "2023.06.27"]
[WhiteClock "0:00:06"]
[BlackClock "0:00:04"]
[Board "105"]

1. c4 Nf6 2. Nc3 g6 3. d4 Bg7 4. e4 d6 5. Nf3 O-O 6. h3 e5 7. d5 a5 8. Be3 Nfd7 9. g4 Na6 10. Bd3 Ndc5 11. Bc2 Bd7 12. a3 Qb8 13. Qe2 c6 14. Nd2 cxd5 15. Nxd5 b5 16. O-O a4 17. Nc3 b4 18. Nb5 b3 19. Bd3 Bc6 20. Rad1 Rd8 21. f3 Nc7 22. Nc3 N7e6 23. Nd5 Bxd5 24. cxd5 Nf4 25. Bxf4 exf4 26. Nc4 Qa7 27. Kg2 g5 28. Bb1 Rac8 29. Rfe1 Qb8 30. Rc1 Nd7 31. Red1 Ne5 32. Nxe5 Bxe5 33. Bd3 Kg7 34. Ba6 Rc7 35. Rc6 Rdd7 36. Rdc1 Ra7 37. Bd3 Rdc7 38. R1c4 Qc8 39. Qd2 Qd7 40. Be2 h5 41. Qc1 Rcb7 42. gxh5 Qe7 43. Rc8 Qf6 44. Re8 Qh6 45. Rcc8 Qxh5 46. Rg8+ Kf6 47. Rh8 Qg6 48. Rcg8 Rc7 49. Rxg6+ Kxg6 50. Rg8+ Kh7 51. Qe1 Rc2 52. Rxg5 f6 53. Qh4# 1-0


[Site "https://www.chess.com"]

[Event "Titled Tuesday Blitz June 27 Late 2023"]
[White "Vlassov, Nikolai"]
[Black "Vega Gutierrez, Sabrina"]
[WhiteFideId "4103360"]
[BlackFideId "2219026"]
[WhiteElo "2626"]
[BlackElo "2407"]
[Result "1-0"]
[Round "4"]
[TimeControl "180+2"]
[Date "2023.06.27"]
[WhiteClock "0:00:22"]
[BlackClock "0:00:00"]
[Board "106"]

1. e4 c5 2. c3 d5 3. exd5 Qxd5 4. d4 Nc6 5. Nf3 Bf5 6. Be3 cxd4 7. Nxd4 Nxd4 8. Qxd4 Qxd4 9. Bxd4 Nf6 10. Na3 a6 11. Nc4 e6 12. Be2 Nd7 13. Bf3 O-O-O 14. Na5 b6 15. Nc6 Re8 16. O-O e5 17. Be3 Bc5 18. Be2 Kb7 19. Nb4 Bxb4 20. cxb4 Rc8 21. Rfd1 e4 22. a4 Rhd8 23. f3 Rc2 24. Kf1 Rcc8 25. Rd6 Rc6 26. Rxc6 Kxc6 27. Bxa6 Ne5 28. Rc1+ Kd7 29. Bxb6 Ra8 30. Bb5+ Ke7 31. Rc7+ Kf8 32. Rc5 f6 33. f4 Nd7 34. Rxf5 Nxb6 35. a5 1-0


[Site "https://www.chess.com"]

[Event "Titled Tuesday Blitz June 27 Late 2023"]
[White "Adewumi, Tanitoluwa"]
[Black "Pinto, Daniel"]
[WhiteFideId "30966396"]
[BlackFideId "3303144"]
[WhiteElo "2621"]
[BlackElo "2406"]
[Result "0-1"]
[Round "4"]
[TimeControl "180+2"]
[Date "2023.06.27"]
[WhiteClock "0:00:01"]
[BlackClock "0:00:06"]
[Board "107"]

1. e4 c6 2. d4 d5 3. e5 Bf5 4. Nf3 e6 5. Be2 Nd7 6. O-O Ne7 7. Nh4 Bg6 8. c3 Nf5 9. Nxg6 hxg6 10. Nd2 g5 11. g3 c5 12. Nf3 g4 13. Ne1 cxd4 14. cxd4 Qb6 15. Nc2 f6 16. Bxg4 g6 17. exf6 Nxf6 18. Re1 Kf7 19. Bg5 Be7 20. Qf3 Rac8 21. Rac1 Qxb2 22. Bxf5 gxf5 23. Qe2 Rc6 24. Bxf6 Bxf6 25. a3 Bg5 26. f4 Bf6 27. Kg2 Rhc8 28. Qh5+ Kg7 29. Re2 Rxc2 30. Rcxc2 Rxc2 31. Rxc2 Qxc2+ 32. Kh3 Qd3 33. Kg2 Qxd4 34. Qe8 Qe4+ 35. Kh3 Qf3 36. Qd7+ Kh6 37. Qf7 Qf1# 0-1


[Site "https://www.chess.com"]

[Event "Titled Tuesday Blitz June 27 Late 2023"]
[White "Szyszylo, Rafal"]
[Black "Vaibhav Jayant Raut"]
[WhiteFideId "1109626"]
[BlackFideId "5089034"]
[WhiteElo "2405"]
[BlackElo "2621"]
[Result "0-1"]
[Round "4"]
[TimeControl "180+2"]
[Date "2023.06.27"]
[WhiteClock "0:00:00"]
[BlackClock "0:00:03"]
[Board "108"]

1. e4 c5 2. Nc3 Nc6 3. Bb5 g6 4. Bxc6 dxc6 5. d3 Bg7 6. f4 Nf6 7. Nf3 O-O 8. O-O Ne8 9. f5 e6 10. fxg6 hxg6 11. Bg5 f6 12. Be3 b6 13. Qe1 Nd6 14. Qg3 g5 15. h4 gxh4 16. Nxh4 f5 17. e5 Nf7 18. Ng6 Re8 19. Bf4 Qd4+ 20. Rf2 Kh7 21. Re1 Nh6 22. Qg5 Ng4 23. Qh5+ Kg8 24. Nd1 Nxf2 25. Nxf2 Ba6 26. c4 b5 27. b3 bxc4 28. bxc4 Rab8 29. Be3 Qd7 30. Bxc5 Rb2 31. Nh3 Qxd3 32. Ng5 Rxg2+ 33. Kxg2 Qd2+ 34. Re2 Qxe2+ 35. Qxe2 Bh6 0-1


[Site "https://www.chess.com"]

[Event "Titled Tuesday Blitz June 27 Late 2023"]
[White "Zeynalli, Rashad"]
[Black "Gulamali, Kazim"]
[WhiteFideId "13403320"]
[BlackFideId "2024764"]
[WhiteElo "2611"]
[BlackElo "2404"]
[Result "0-1"]
[Round "4"]
[TimeControl "180+2"]
[Date "2023.06.27"]
[WhiteClock "0:00:33"]
[BlackClock "0:00:15"]
[Board "109"]

1. e4 e5 2. Nf3 Nc6 3. Bc4 Nf6 4. Ng5 d5 5. exd5 Na5 6. Bb5+ c6 7. dxc6 bxc6 8. Bd3 h6 9. Ne4 Nd5 10. O-O Be7 11. Re1 O-O 12. Ng3 Bd6 13. Bf5 Bxf5 14. Nxf5 Qf6 15. Nxd6 Qxd6 16. d3 f5 17. Nd2 Rae8 18. Nc4 Qc7 19. Nxa5 Qxa5 20. Bd2 Qc7 21. c3 Kh7 22. Qa4 Re6 23. f4 Qb6+ 24. Kh1 Qxb2 25. Rad1 Rfe8 26. fxe5 Rxe5 27. Rxe5 Rxe5 28. Qd4 Re2 29. Bc1 Qxc3 30. Qxa7 c5 31. h3 Re1+ 32. Rxe1 Qxe1+ 33. Kh2 Qxc1 34. Qd7 Qf4+ 35. Kh1 Ne3 36. Qc6 Qf1+ 37. Kh2 Qxd3 38. Qxc5 Qe4 39. Kg3 Qxg2+ 40. Kf4 Qe4+ 41. Kg3 f4+ 42. Kf2 Qc2+ 43. Kf3 Qxc5 0-1


[Site "https://www.chess.com"]

[Event "Titled Tuesday Blitz June 27 Late 2023"]
[White "Pesotskiy, Mikhail"]
[Black "Raahul V S"]
[WhiteFideId "34164453"]
[BlackFideId "25035525"]
[WhiteElo "2394"]
[BlackElo "2598"]
[Result "0-1"]
[Round "4"]
[TimeControl "180+2"]
[Date "2023.06.27"]
[WhiteClock "0:00:34"]
[BlackClock "0:02:33"]
[Board "110"]

1. d4 f5 2. c4 Nf6 3. g3 e6 4. Bg2 d5 5. Nf3 c6 6. O-O Bd6 7. Bf4 O-O 8. Nbd2 Qe7 9. e3 Bd7 10. Bxd6 Qxd6 11. c5 Qc7 12. Ne5 Be8 13. f4 Nbd7 14. b4 Bh5 15. Qb3 Nxe5 16. dxe5 Ne4 17. Qd3 b6 18. Nb3 bxc5 19. Nxc5 Nxc5 20. bxc5 Rab8 21. Rfb1 Rxb1+ 22. Rxb1 Rb8 23. Rxb8+ Qxb8 24. Qb3 Qxb3 25. axb3 a5 26. Bf1 Bd1 27. Bb5 Bxb3 28. Bxc6 Kf7 29. Bb5 Ke7 30. c6 Kd8 31. Kf2 a4 32. Bd3 a3 33. Bb1 a2 34. Bxa2 Bxa2 35. Ke2 Kc7 36. Kd3 Kxc6 0-1


[Site "https://www.chess.com"]

[Event "Titled Tuesday Blitz June 27 Late 2023"]
[White "Romero Ruscalleda, Josep"]
[Black "Gubajdullin, Alexei"]
[WhiteFideId "2231859"]
[BlackFideId "4141202"]
[WhiteElo "2391"]
[BlackElo "2597"]
[Result "0-1"]
[Round "4"]
[TimeControl "180+2"]
[Date "2023.06.27"]
[WhiteClock "0:00:03"]
[BlackClock "0:00:09"]
[Board "111"]

1. e4 g6 2. d4 d6 3. Nc3 c6 4. a4 a5 5. g3 Na6 6. Bg2 Nb4 7. Nge2 Bg7 8. O-O Nf6 9. Bg5 O-O 10. Qd2 e5 11. Rad1 Qb6 12. dxe5 dxe5 13. Be3 Qa6 14. Nc1 Be6 15. f4 Bc4 16. Rfe1 Ng4 17. Bc5 b6 18. Bxf8 Bxf8 19. Bf3 Bc5+ 20. Kg2 Nf2 21. f5 Qc8 22. Nb3 Bxb3 23. cxb3 Qf8 24. Qd7 Qh6 25. fxg6 hxg6 26. Rd2 Kg7 27. Rxf2 Bxf2 28. Kxf2 Qxh2+ 29. Bg2 Qh6 30. Qd6 Qg5 31. Re3 Rd8 32. Qc7 Rd2+ 33. Ne2 Nd3+ 34. Rxd3 Rxd3 35. Qxc6 Rxb3 36. Qc2 Qe3+ 37. Kf1 Rd3 38. Ke1 Rd6 39. Qc3 Qg5 40. Nf4 Rd4 41. Nd5 Qd8 42. Qc7 Qxc7 43. Nxc7 Rxa4 44. Nd5 Ra1+ 45. Kd2 b5 46. Nc3 b4 47. Nd5 Rg1 48. Bf3 Rxg3 49. Be2 g5 50. Bb5 g4 51. Ne3 Kf8 52. Nf5 Rg1 53. Be2 g3 54. Ke3 Rb1 55. Nxg3 Rxb2 56. Nf5 a4 57. Bc4 a3 58. Nd6 b3 59. Nxf7 a2 60. Nxe5 a1=Q 61. Kf4 Qc1+ 62. Kf5 Rf2+ 63. Ke6 Qh6+ 64. Kd5 Rd2+ 65. Kc5 Qd6+ 66. Kb5 Qxe5+ 0-1


[Site "https://www.chess.com"]

[Event "Titled Tuesday Blitz June 27 Late 2023"]
[White "lagarto93"]
[Black "Yolosz"]
[WhiteElo "2593"]
[BlackElo "2386"]
[Result "1-0"]
[Round "4"]
[TimeControl "180+2"]
[Date "2023.06.27"]
[WhiteClock "0:01:36"]
[BlackClock "0:00:00"]
[Board "112"]

1. e4 c5 2. Nf3 Nc6 3. Nc3 g6 4. d4 cxd4 5. Nxd4 Bg7 6. Be3 Nf6 7. Bc4 O-O 8. Bb3 d5 9. exd5 Na5 10. Nf3 Nxb3 11. axb3 Ng4 12. Bd4 e5 13. dxe6 Bxe6 14. Bxg7 Kxg7 15. h3 Nh6 16. O-O Nf5 17. Re1 a6 18. Qe2 Kg8 19. Rad1 Qc7 20. Ng5 Rfe8 21. Nce4 Kg7 22. c4 h6 23. Nf3 b5 24. Qc2 bxc4 25. Qc3+ Kf8 26. Qh8+ Ke7 27. Qf6+ Kf8 28. Ne5 Kg8 29. Ng4 Kh7 30. Qc3 h5 31. Nef6+ 1-0


[Site "https://www.chess.com"]

[Event "Titled Tuesday Blitz June 27 Late 2023"]
[White "Bitoon, Richard"]
[Black "BenchGM"]
[WhiteFideId "5201110"]
[WhiteElo "2578"]
[BlackElo "2379"]
[Result "1-0"]
[Round "4"]
[TimeControl "180+2"]
[Date "2023.06.27"]
[WhiteClock "0:00:26"]
[BlackClock "0:00:43"]
[Board "113"]

1. b3 e5 2. Bb2 Nc6 3. e3 Nf6 4. Bb5 d6 5. Na3 g6 6. d4 exd4 7. exd4 Qe7+ 8. Kf1 d5 9. Qf3 Ne4 10. Qe3 h5 11. Re1 Bh6 12. f4 O-O 13. Nc4 Bf5 14. Ba3 Qh4 15. Bxf8 Rxf8 16. Bxc6 bxc6 17. g3 Bh3+ 18. Nxh3 Qxh3+ 19. Kg1 f6 20. Nd2 Re8 21. Nxe4 Rxe4 22. Qf2 f5 23. c3 h4 24. Re3 hxg3 25. hxg3 Qg4 26. Rxh6 Qd1+ 27. Kg2 Kg7 28. Rh1 Qg4 29. Qf3 Rxe3 30. Qxe3 1-0


[Site "https://www.chess.com"]

[Event "Titled Tuesday Blitz June 27 Late 2023"]
[White "Srdanovic, Jovana"]
[Black "Palencia Morales, Wilson Guillermo"]
[WhiteFideId "954810"]
[BlackFideId "4401859"]
[WhiteElo "2379"]
[BlackElo "2564"]
[Result "1-0"]
[Round "4"]
[TimeControl "180+2"]
[Date "2023.06.27"]
[WhiteClock "0:00:21"]
[BlackClock "0:00:00"]
[Board "114"]

1. d4 Nf6 2. c4 c5 3. d5 e6 4. Nc3 exd5 5. cxd5 d6 6. e4 g6 7. f4 Bg7 8. Bb5+ Nfd7 9. a4 Na6 10. Nf3 Nb4 11. O-O a6 12. Bxd7+ Bxd7 13. e5 O-O 14. Ne4 dxe5 15. fxe5 Bg4 16. Nxc5 Bxe5 17. Qb3 Bxf3 18. Rxf3 Qh4 19. Be3 Bxh2+ 20. Kf1 Bd6 21. Rd1 Rfe8 22. Rh3 Qg4 23. Rd4 Qf5+ 24. Rf3 Qb1+ 25. Rd1 Qc2 26. Qxc2 Nxc2 27. Bf2 b5 28. Nd7 Red8 29. Nf6+ Kg7 30. Rc1 Nb4 31. Bd4 h5 32. Nxh5+ Kh6 33. Nf6 Be7 34. Ne4 f5 35. Rh3+ 1-0


[Site "https://www.chess.com"]

[Event "Titled Tuesday Blitz June 27 Late 2023"]
[White "Sokolov, Andrei"]
[Black "Ezat, Mohamed"]
[WhiteFideId "11600306"]
[BlackFideId "10600906"]
[WhiteElo "2373"]
[BlackElo "2560"]
[Result "0-1"]
[Round "4"]
[TimeControl "180+2"]
[Date "2023.06.27"]
[WhiteClock "0:00:00"]
[BlackClock "0:00:37"]
[Board "115"]

1. d4 Nf6 2. c4 d6 3. Nc3 Bf5 4. Qb3 Qc8 5. g3 c6 6. Bg2 e5 7. Nf3 Nbd7 8. Nh4 Bg4 9. d5 Nc5 10. Qc2 a5 11. h3 Bd7 12. e4 Be7 13. Be3 cxd5 14. cxd5 b5 15. Bf1 b4 16. Nb5 Qb7 17. a4 Nfxe4 18. Bxc5 Nxc5 19. Nf5 Bxf5 20. Qxf5 O-O 21. Be2 g6 0-1


[Site "https://www.chess.com"]

[Event "Titled Tuesday Blitz June 27 Late 2023"]
[White "Vasques, Antonio Pedro Freixial"]
[Black "Delorme, Axel"]
[WhiteFideId "1908332"]
[BlackFideId "632023"]
[WhiteElo "2372"]
[BlackElo "2538"]
[Result "0-1"]
[Round "4"]
[TimeControl "180+2"]
[Date "2023.06.27"]
[WhiteClock "0:00:15"]
[BlackClock "0:00:32"]
[Board "116"]

1. e4 c5 2. Nf3 d6 3. d4 cxd4 4. Nxd4 Nf6 5. Nc3 a6 6. Be3 Ng4 7. Bc1 Nf6 8. Be3 e5 9. Nb3 Be6 10. f3 Be7 11. Qd2 Nbd7 12. O-O-O O-O 13. g4 b5 14. g5 b4 15. gxf6 bxc3 16. Qxc3 Nxf6 17. Kb1 Qd7 18. Rg1 Rfc8 19. Qd2 a5 20. Bd3 a4 21. Nc1 Qb7 22. f4 Nxe4 23. Bxe4 Qxe4 24. fxe5 dxe5 25. Rge1 Qc4 26. Qd3 Qc7 27. Bd2 g6 28. Bc3 Bf6 29. Qd6 Qc4 30. Qd3 Bh4 31. Qxc4 Rxc4 32. Rxe5 a3 33. Rd4 axb2 34. Rxc4 bxc1=Q+ 35. Kxc1 Bxc4 36. Re4 Bg5+ 37. Kb2 0-1


[Site "https://www.chess.com"]

[Event "Titled Tuesday Blitz June 27 Late 2023"]
[White "Lopez Del Alamo, Antonio"]
[Black "Kuzmin, Roman"]
[WhiteFideId "2227339"]
[BlackFideId "44134932"]
[WhiteElo "2370"]
[BlackElo "2530"]
[Result "0-1"]
[Round "4"]
[TimeControl "180+2"]
[Date "2023.06.27"]
[WhiteClock "0:02:10"]
[BlackClock "0:02:12"]
[Board "117"]

1. e4 c5 2. Nf3 d6 3. d4 cxd4 4. Nxd4 Nf6 5. Nc3 a6 6. Be2 e5 7. Nb3 Be7 8. Be3 Be6 9. Nd5 Bxd5 10. exd5 Nbd7 11. c4 O-O 12. O-O b6 13. Rc1 Ne4 14. f3 Nec5 15. Qd2 f5 16. Na1 a5 17. Nc2 h6 18. Na3 f4 19. Bf2 e4 20. fxe4 Nxe4 21. Qc2 Nxf2 22. Rxf2 Bf6 23. Rxf4 Qe7 24. Rf3 Rae8 25. Bd3 Bd4+ 26. Kh1 Qe1+ 27. Rxe1 Rxe1+ 28. Bf1 Rxf1+ 29. Rxf1 Rxf1# 0-1


[Site "https://www.chess.com"]

[Event "Titled Tuesday Blitz June 27 Late 2023"]
[White "Cooklev, Steven"]
[Black "Peycheva, Gergana"]
[WhiteFideId "2050552"]
[BlackFideId "2916711"]
[WhiteElo "2369"]
[BlackElo "2529"]
[Result "1-0"]
[Round "4"]
[TimeControl "180+2"]
[Date "2023.06.27"]
[WhiteClock "0:00:37"]
[BlackClock "0:01:29"]
[Board "118"]

1. e4 c5 2. Nf3 Nc6 3. Nc3 g6 4. d4 cxd4 5. Nxd4 Bg7 6. Be3 Nf6 7. Bc4 O-O 8. Bb3 Re8 9. O-O d6 10. h3 Na5 11. f4 Nxb3 12. axb3 b6 13. e5 dxe5 14. fxe5 Nd5 15. Qf3 Nxe3 16. Nc6 Nxf1 17. Nxd8 Rxd8 18. Qxa8 Ne3 19. Qe4 Bh6 20. Rxa7 Bf5 21. Ra8 Bxe4 22. Rxd8+ Kg7 23. Nxe4 Nxc2 24. Kf2 Bf4 25. e6 f5 26. Nc3 Kf6 27. Nd5+ Kxe6 28. Nxf4+ 1-0


[Site "https://www.chess.com"]

[Event "Titled Tuesday Blitz June 27 Late 2023"]
[White "Ismagilov, Damir"]
[Black "FromTexas54"]
[WhiteFideId "34199982"]
[WhiteElo "2528"]
[BlackElo "2367"]
[Result "1-0"]
[Round "4"]
[TimeControl "180+2"]
[Date "2023.06.27"]
[WhiteClock "0:00:19"]
[BlackClock "0:00:00"]
[Board "119"]

1. d4 Nf6 2. Bf4 e6 3. e3 c5 4. c3 Nc6 5. Nd2 d5 6. Bd3 Bd6 7. Bxd6 Qxd6 8. f4 cxd4 9. cxd4 Bd7 10. a3 a5 11. Ngf3 a4 12. Ne5 Na5 13. O-O O-O 14. Qe2 Rfc8 15. g4 Bc6 16. Qg2 Nb3 17. Nxb3 axb3 18. g5 Ne4 19. Rac1 Rc7 20. Bxe4 dxe4 21. Nxc6 Rxc6 22. Qxe4 Rac8 23. Rxc6 Rxc6 24. Rf2 Rc1+ 25. Kg2 Qd5 26. Qxd5 exd5 27. Re2 f5 28. Kf2 Kf7 29. Re1 Rc2+ 30. Re2 Rc1 31. Rd2 Rh1 32. Kf3 Rf1+ 33. Ke2 Rh1 34. Kd3 Rc1 35. Ke2 Rh1 36. Kf3 Rf1+ 37. Kg3 Rg1+ 38. Kh4 h6 39. gxh6 gxh6 40. Rd3 Rg2 41. Rxb3 Rxh2+ 42. Kg3 Re2 43. Rxb7+ Kg6 44. Kf3 Rc2 45. a4 Rc1 46. a5 Ra1 47. b4 h5 48. Rb8 h4 49. Rh8 Rf1+ 50. Ke2 Rb1 51. Rxh4 Rxb4 52. Rh8 Ra4 53. Ra8 Kh5 54. Kf3 Ra1 55. a6 Rf1+ 56. Ke2 Ra1 57. a7 Kg4 58. Rg8+ 1-0


[Site "https://www.chess.com"]

[Event "Titled Tuesday Blitz June 27 Late 2023"]
[White "Wendt, Jan-Dietrich"]
[Black "Yanev, Tihomir"]
[WhiteFideId "4623797"]
[BlackFideId "2910110"]
[WhiteElo "2364"]
[BlackElo "2528"]
[Result "0-1"]
[Round "4"]
[TimeControl "180+2"]
[Date "2023.06.27"]
[WhiteClock "0:00:00"]
[BlackClock "0:00:19"]
[Board "120"]

1. c4 g6 2. g3 Bg7 3. Bg2 Nf6 4. Nf3 O-O 5. O-O c6 6. Nc3 d5 7. cxd5 Nxd5 8. d4 Nb6 9. h3 a5 10. e4 Be6 11. b3 h6 12. Be3 a4 13. Nxa4 Nxa4 14. bxa4 Bc4 15. Re1 Nd7 16. Qc2 Ba6 17. Rab1 Qa5 18. e5 e6 19. h4 c5 20. h5 g5 21. Bxg5 cxd4 22. Bd2 Qc5 23. Qe4 Rfc8 24. Qg4 Kh8 25. Qf4 Kg8 26. Bb4 Qa7 27. Bd6 d3 28. Rbd1 Rc2 29. Nd4 Rxa2 30. Be4 Rxa4 0-1


[Site "https://www.chess.com"]

[Event "Titled Tuesday Blitz June 27 Late 2023"]
[White "Fernandez Siles, Luis"]
[Black "Vaglio Mattey, Emanuel"]
[WhiteFideId "2209420"]
[BlackFideId "6504167"]
[WhiteElo "2362"]
[BlackElo "2528"]
[Result "1-0"]
[Round "4"]
[TimeControl "180+2"]
[Date "2023.06.27"]
[WhiteClock "0:00:11"]
[BlackClock "0:00:10"]
[Board "121"]

1. e4 c6 2. d4 d5 3. exd5 cxd5 4. c4 e6 5. Nc3 Nf6 6. Nf3 Be7 7. cxd5 exd5 8. Bd3 O-O 9. h3 Nc6 10. O-O Re8 11. Bf4 h6 12. Re1 Be6 13. a3 Rc8 14. Bc2 Na5 15. Qd3 Nc4 16. Rab1 Qa5 17. Be5 Nxb2 18. Rxb2 Qxc3 19. Bxf6 Qxd3 20. Bxd3 Bxf6 21. Rxb7 Rc3 22. Bb5 Rec8 23. a4 a5 24. Bd7 R8c7 25. Rb8+ Kh7 26. Bxe6 fxe6 27. Rxe6 Ra3 28. Rd6 Ra2 29. Ne5 Rc1+ 30. Kh2 Bxe5+ 31. dxe5 Rxf2 32. Rb3 Rcc2 33. Rg3 Rf7 34. Rxd5 Re7 35. Rxa5 Re2 36. Rb5 Re4 37. a5 Ra4 38. Re3 Re6 39. Rb6 Re7 40. a6 h5 41. e6 Kh6 42. Rb7 Re8 43. a7 Ra2 44. e7 Rc8 45. e8=Q Rcc2 46. Qh8+ Kg5 47. Rb5+ Kf4 48. Rf3+ Ke4 49. Qe8+ Kd4 50. Qd7+ Kc4 51. Qc6+ Kd4 52. Rd5+ Ke4 53. Qe6# 1-0


[Site "https://www.chess.com"]

[Event "Titled Tuesday Blitz June 27 Late 2023"]
[White "Davidson, Kevin"]
[Black "Shapiro, Viktor"]
[WhiteFideId "2056810"]
[BlackFideId "4175700"]
[WhiteElo "2361"]
[BlackElo "2526"]
[Result "1-0"]
[Round "4"]
[TimeControl "180+2"]
[Date "2023.06.27"]
[WhiteClock "0:00:07"]
[BlackClock "0:00:59"]
[Board "122"]

1. e4 Nf6 2. e5 Nd5 3. d4 d6 4. c4 Nb6 5. exd6 cxd6 6. Nc3 g6 7. Be3 Bg7 8. Rc1 O-O 9. b3 f5 10. d5 e5 11. dxe6 Nc6 12. Nf3 f4 13. Bd4 Nxd4 14. Nxd4 Qf6 15. Nf3 Bxe6 16. Be2 Rad8 17. O-O d5 18. c5 Nd7 19. Nxd5 Qf5 20. Ne7+ Kh8 21. Nxf5 Bxf5 22. Qd5 Rfe8 23. Ng5 Ne5 24. Qxb7 h6 25. Nf7+ Nxf7 26. Qxf7 Rxe2 27. c6 Rc8 28. Rfd1 f3 29. c7 Ree8 30. gxf3 a5 31. h4 Rf8 32. Qe7 Rfe8 33. Qd6 Be5 34. Qd8 Kh7 35. Qxe8 Rxe8 36. Rd8 Re7 37. c8=Q Bxc8 38. Rdxc8 Bg7 39. R8c7 Re2 40. R1c2 Rxc2 41. Rxc2 Bf6 42. Rc5 Bxh4 43. Rxa5 Bf6 44. Rd5 h5 45. b4 Bc3 46. b5 Ba5 47. Kg2 Kg7 48. Rd7+ Kf6 49. Ra7 Bc3 50. b6 Bd4 51. Ra6 Ke7 52. b7 Be5 53. Ra8 g5 54. b8=Q Bxb8 55. Rxb8 Kf6 56. a4 h4 57. a5 1-0


[Site "https://www.chess.com"]

[Event "Titled Tuesday Blitz June 27 Late 2023"]
[White "Chor, Kevin"]
[Black "Castella Garcia, Fausto"]
[WhiteFideId "2090740"]
[BlackFideId "3501922"]
[WhiteElo "2526"]
[BlackElo "2354"]
[Result "1-0"]
[Round "4"]
[TimeControl "180+2"]
[Date "2023.06.27"]
[WhiteClock "0:00:08"]
[BlackClock "0:00:00"]
[Board "123"]

1. e4 c5 2. Nf3 d6 3. d4 cxd4 4. Nxd4 Nf6 5. Nc3 g6 6. Be3 Bg7 7. f3 O-O 8. Qd2 Nc6 9. Bc4 Bd7 10. Bb3 Qa5 11. O-O-O Rfc8 12. Kb1 Ne5 13. g4 b5 14. h4 Nc4 15. Bxc4 bxc4 16. Ka1 Rab8 17. Rb1 Qb4 18. h5 Rc5 19. hxg6 fxg6 20. b3 Rb6 21. Rhd1 Ra5 22. bxc4 Qxc4 23. Rb3 Rba6 24. Qd3 Qc8 25. Kb1 Be8 26. g5 Nd7 27. Nd5 Rxd5 28. exd5 Nc5 29. Qc4 Bd7 30. Rb2 Ra4 31. Qc3 Qa6 32. Qd2 Ra3 33. c3 Na4 34. Rb3 Nc5 35. Rxa3 Qxa3 36. Qb2 Qa6 37. a3 Qc4 38. Ka1 Na4 39. Qb3 Qxb3 40. Nxb3 Nxc3 41. Rd4 Nxd5 42. Bf2 Bxd4+ 43. Bxd4 Nf4 44. Bxa7 e5 45. Bb8 1-0


[Site "https://www.chess.com"]

[Event "Titled Tuesday Blitz June 27 Late 2023"]
[White "Estrada Nieto, Julian"]
[Black "Rego, Pedro Filipe"]
[WhiteFideId "5101018"]
[BlackFideId "1904310"]
[WhiteElo "2524"]
[BlackElo "2354"]
[Result "1-0"]
[Round "4"]
[TimeControl "180+2"]
[Date "2023.06.27"]
[WhiteClock "0:00:07"]
[BlackClock "0:00:00"]
[Board "124"]

1. e4 e5 2. Nf3 Nc6 3. Bb5 a6 4. Bxc6 dxc6 5. O-O f6 6. d4 Bg4 7. c3 Bd6 8. Be3 Ne7 9. Nbd2 O-O 10. Qb3+ Kh8 11. dxe5 fxe5 12. Ng5 Qe8 13. f3 Bc8 14. Ne6 Rf6 15. Nc5 Ng6 16. Nd3 Qe6 17. Qxe6 Bxe6 18. Rfd1 b6 19. Nf1 c5 20. Nf2 Nf4 21. Bxf4 Rxf4 22. Ne3 Kg8 23. Nd5 Bxd5 24. exd5 c4 25. Ne4 h6 26. Kf1 a5 27. a4 Raf8 28. Ke2 Rh4 29. h3 Rhf4 30. Ke3 g5 31. Rf1 Kg7 32. Rad1 Kg6 33. Ke2 h5 34. Nd2 Bc5 35. g3 R4f6 36. Nxc4 Re8 37. Nd2 Bd6 38. Ne4 Rf5 39. g4 Rf4 40. b3 Ref8 41. Ng3 h4 42. Nf5 e4 43. Rd4 Re8 44. fxe4 Rexe4+ 45. Rxe4 Rxe4+ 46. Kd3 Re5 47. c4 Bc5 48. Nd4 Bxd4 49. Kxd4 Re2 50. Rf8 Rd2+ 51. Kc3 Rh2 52. Rf3 Rg2 53. Kd4 Rd2+ 54. Ke4 Re2+ 55. Re3 Rf2 56. Ke5 Kf7 57. d6 cxd6+ 58. Kxd6 Rg2 59. Ke5 Ke7 60. Kf5+ Kd6 61. Kxg5 Rg3 62. Kf4 Rg1 63. g5 Kc5 64. Re6 Rg3 65. Re3 Rg1 66. Kf5 Kd4 67. Re7 Kc3 68. g6 Kxb3 69. g7 Kxa4 70. Kf6 Kb3 71. Re4 a4 72. Rg4 Rf1+ 73. Ke6 a3 74. g8=Q a2 75. Qa8 a1=Q 76. Qxa1 Rxa1 77. Rxh4 Ra4 78. Kd5 b5 79. Re4 bxc4 80. h4 Ra5+ 81. Kd4 c3 82. Re3 1-0


[Site "https://www.chess.com"]

[Event "Titled Tuesday Blitz June 27 Late 2023"]
[White "Liu, Casper"]
[Black "micke12a"]
[WhiteFideId "1454153"]
[WhiteElo "2522"]
[BlackElo "2352"]
[Result "1-0"]
[Round "4"]
[TimeControl "180+2"]
[Date "2023.06.27"]
[WhiteClock "0:02:18"]
[BlackClock "0:01:38"]
[Board "125"]

1. d4 d5 2. Bf4 Nf6 3. e3 c5 4. c3 Nc6 5. Bd3 cxd4 6. exd4 e6 7. Nf3 Bd6 8. Bg3 O-O 9. Nbd2 Qc7 10. Qe2 Re8 11. Ne5 Bd7 12. O-O Rab8 13. f4 g6 14. Ndf3 a6 15. Ng5 Bc8 16. Ngxf7 Bxe5 17. fxe5 Qxf7 18. Rxf6 Qg7 19. Raf1 b5 20. Qf3 Rb7 21. h4 h5 22. Rxg6 1-0


[Site "https://www.chess.com"]